 Dungeon Crawl Stone Soup version 0.30.1-11-g7821555f0a (webtiles) character file.

Game seed: 4317884131761921755

131 Peloso the Covered (level 4, -2/40 HPs)
             Began as a Minotaur Fighter on Jan 2, 2024.
             Slain by an iguana (4 damage)
             ... on level 4 of the Dungeon.
             The game lasted 00:04:15 (2211 turns).

Peloso the Covered (Minotaur Fighter)               Turns: 2211, Time: 00:04:16

Health: -2/40      AC:  9    Str: 20    XL:     4   Next: 91%
Magic:  3/3        EV:  5    Int:  5    God:
Gold:   174        SH: 14    Dex: 18    Spells: 3/3 levels left

rFire   . . .        a - +0 long sword
rCold   + . .        d - +0 tower shield
rNeg    . . .        w - +0 chain mail
rPois   .            (helmet restricted)
rElec   .            (no cloak)
rCorr   .            (no gloves)
SInv    .            (no boots)
Will    .....        (no amulet) Stlth
                     q - +6 ring of dexterity
HPRegen 0.26/turn    m - ring of protection from cold
MPRegen 0.08/turn

%: no passive effects
@: no status effects
A: horns 2, retaliatory headbutt
a: no special abilities


You were on level 4 of the Dungeon.
You visited 1 branch of the dungeon, and saw 5 of its levels.

You collected 174 gold pieces.

Inventory:

Hand Weapons
 a - a +0 long sword (weapon)
 b - a +0 short sword of flaming
Armour
 c - a +0 scale mail
 d - a +0 tower shield (worn)
 w - a +0 chain mail (worn)
Jewellery
 m - a ring of protection from cold (right hand)
 q - a +6 ring of dexterity (left hand)
Scrolls
 f - a scroll of amnesia {unknown}
 h - 7 scrolls of identify {unknown}
 l - 2 scrolls of teleportation {unknown}
 n - a scroll of brand weapon {unknown}
 o - 2 scrolls of immolation {unknown}
 p - a scroll of fog {unknown}
 s - a scroll of enchant weapon {unknown}
 u - a scroll of fear {unknown}
 x - 2 scrolls of vulnerability {unknown}
Potions
 e - a potion of curing {unknown}
 g - a potion of lignification {unknown}
 i - a potion of resistance
 j - a potion of might
 k - a potion of attraction {unknown}
 r - 2 potions of berserk rage {unknown}
 t - a potion of brilliance {unknown}
 v - 2 potions of ambrosia {unknown}


   Skills:
 + Level 4.3 Fighting
 + Level 4.2 Long Blades
 + Level 4.6 Armour
 + Level 0.4 Dodging
 + Level 0.1 Stealth
 + Level 4.3 Shields


You had 3 spell levels left.
You didn't know any spells.
Your spell library contained the following spells:

 Spells                   Type           Power      Damage    Failure   Level
 Apportation              Tloc           0%         N/A       100%        1
 Cigotuvi's Dreadful Rot  Necr/Pois/Air  0%         N/A       100%        2
 Dispel Undead            Necr           0%         3d6       100%        4
 Alistair's Intoxication  Tmut/Pois      0%         N/A       100%        5
 Death Channel            Necr           0%         N/A       100%        6


Dungeon Overview and Level Annotations

Branches:
Dungeon (5/15)
 Temple: D:4-7

Altars:
Cheibriados
Nemelex Xobeh

Shops:
D:5 [


Innate Abilities, Weirdness & Mutations

You have a pair of horns on your head.
You reflexively headbutt those who attack you in melee.


Message History

The centaur wields a +0 shortbow.
The centaur shoots an arrow.
You block the arrow.
An ogre comes into view. It is wielding a +0 giant spiked club.
The ogre shouts!
The centaur shoots an arrow.
You block the arrow.
An adder comes into view.
The adder hisses angrily.
The centaur shoots an arrow.
You block the arrow.
The centaur shoots an arrow.
The arrow barely misses you.
The centaur shoots an arrow.
You block the arrow. You block the adder's attack.
The centaur shoots an arrow.
The arrow barely misses you.
The arrow hits the adder!
The adder dies!
Found Tizulik's Armour Shop.
An iguana comes into view.
The centaur shoots an arrow.
The arrow hits you.
The centaur shoots an arrow.
The arrow hits you.
The centaur shoots an arrow.
You block the arrow.
The centaur shoots an arrow.
You block the arrow.
The iguana bites you but does no damage.
The centaur shoots an arrow.
The arrow hits you but does no damage. The iguana bites you.
The centaur shoots an arrow.
The arrow hits you!
The centaur shoots an arrow.
You block the arrow.
The centaur shoots an arrow.
The arrow hits you but does no damage. The iguana attacks as you move away!
You block the iguana's attack.
The centaur shoots an arrow.
You block the arrow.
The centaur shoots an arrow.
The arrow barely misses you.
The centaur shoots an arrow.
The arrow hits you!
* * * LOW HITPOINT WARNING * * *
You see here an amethyst potion.
There is an escape hatch in the ceiling here.
You block the iguana's attack. A mysterious force pulls you upwards.
The hatch slams shut behind you.
You barely miss the iguana. The iguana bites you!
* * * LOW HITPOINT WARNING * * *
You hit the iguana.
The iguana is lightly wounded.
You block the iguana's attack. The iguana bites you.
You die...

. . .#
########.#
##......#.#
#.........#
........l.#
.......@..#
..........#
..........#
..........#
#..B.......
..........##
..........#
..........#


You could see an iguana and a giant cockroach.

Vanquished Creatures
  5 adders
  A worm (D:2)
  2 dart slugs (D:1)
  An orc (D:3)
  6 bats
  9 endoplasms
  2 giant cockroaches
  5 goblins
  5 hobgoblins
  12 jackals
  5 kobolds
  3 quokkas
  7 ball pythons
  3 frilled lizards
  7 rats
73 creatures vanquished.

Vanquished Creatures (others)
  An adder (D:5)
1 creature vanquished.

Grand Total: 74 creatures vanquished

Notes
Turn   | Place    | Note
-------+----------+-------------------------------------------
     0 | D:1      | Peloso the Minotaur Fighter began the quest for the Orb.
     0 | D:1      | Reached XP level 1. HP: 19/19 MP: 0/0
   198 | D:1      | Reached XP level 2. HP: 27/27 MP: 1/1
   445 | D:1      | Found a faded altar of an unknown god.
   574 | D:1      | Reached XP level 3. HP: 33/33 MP: 2/2
   991 | D:2      | Reached XP level 4. HP: 39/40 MP: 3/3
  1815 | D:3      | Found a sparkling altar of Nemelex Xobeh.
  1986 | D:3      | Found a snail-covered altar of Cheibriados.
  2185 | D:3      | You fall into a shaft and drop 2 floors!
  2185 | D:5      | Entered Level 5 of the Dungeon
  2187 | D:5      | Noticed a centaur
  2189 | D:5      | Noticed an ogre
  2196 | D:5      | Found Tizulik's Armour Shop.
  2210 | D:4      | HP: 1/40 [iguana (9)]
  2211 | D:4      | Slain by an iguana

Illustrated notes

Levels and vault maps discovered:
D:1:      reono_arrival_forest_river, layout_rooms,
          nicolae_ecumenical_lake_church, serial_bayou_lake_a
D:2:      layout_loops_ring
D:3:      layout_basic, mainiacjoe_overflow_big_doors, chequers_avenue
D:4:      layout_rooms, grunt_temple_overflow_order_and_chaos_2, minmay_vboxes
D:5:      layout_basic, led_sif_pool, mainiacjoe_overflow_six_doors_small,
          kennysheep_little_box, serial_shops, nicolae_diamond_shop, uniq_pikel,
          uniq_sigmund

Skill      XL: |  1  2  3  4 |
---------------+-------------+-----
Armour         | 4 |  4.6
Shields        | 4 |  4.3
Fighting       | 4 |  4.3
Long Blades    | 3 4 |  4.2
Dodging        | |  0.4
Stealth        | |  0.1

Action                     |  1- 3 |  4- 6 || total
---------------------------+-------+-------++-------
  Melee: Long sword        |    91 |    59 ||   150
         Headbutt          |    12 |     4 ||    16
 Armour: Scale mail        |    63 |    40 ||   103
         Chain mail        |       |     5 ||     5
  Dodge: Dodged            |    51 |    29 ||    80
  Block: Buckler           |    17 |     8 ||    25
         Tower shield      |       |    51 ||    51
